Blackdemons vs Mulligans
(R2)
Created - November 14, 2018 at 19:13
Goals
|
| Blackdemons |
3 |
2 |
3 |
8 |
| Mulligans |
1 |
2 |
2 |
5 |
|
Shots
|
| Blackdemons |
11 |
8 |
12 |
31 |
| Mulligans |
7 |
17 |
7 |
31 |
|
1st period
1. Blackdemons , Max Friberg 7 (Scott Timmins 5, Ladislav Nagy 9) at 10:47
2. Blackdemons , Ladislav Nagy 9 (Kyle Rau 5, Yannick Weber 6) at 12:42
3. Blackdemons , Sergei Plotnikov 4 (Patrice Cormier 9, Keaton Ellerby 9) at 19:00
4. Mulligans , Maxime Macenauer 3 (Ben Hutton 3) at 19:59
Penalties :
Sven Baertschi (Rep) for Hooking (Minor) at 14:11
2nd period
5. Mulligans , Sven Baertschi 5 (Valeri Nichushkin 4, Christoph Bertschy 3) at 1:11
6. Mulligans , Eric Tangradi 17 (Ben Hutton 4, Nick Bonino 20) at 2:26 (PP)
7. Blackdemons , Ladislav Nagy 10 (Nathan Paetsch 5, Keaton Ellerby 10) at 3:45
8. Blackdemons , Blake Pietila 5 (Alexei Morozov 14) at 5:56
Penalties :
Brett Kulak (MJM) for Tripping (Minor) at 1:19, Logan Shaw (Rep) for Interference (Minor) at 10:21, Joonas Donskoi (Rep) for Hooking (Minor) at 13:32
3rd period
9. Blackdemons , Alexandre Grenier 5 (Nathan Paetsch 6, Sergei Plotnikov 7) at 0:27
10. Mulligans , Nick Bonino 11 (Eric Tangradi 13) at 1:33 (PP)
11. Mulligans , Drayson Bowman 5 (Maxime Macenauer 8, Joonas Donskoi 3) at 2:29
12. Blackdemons , Blake Pietila 6 (Martin Hanzal 14, Alexei Morozov 15) at 5:26
13. Blackdemons , Keaton Ellerby 3 (Ladislav Nagy 10) at 5:58 (PP)
Penalties :
Alexandre Grenier (MJM) for High sticking (Minor) at 1:09, Jonathan Tremblay (Rep) for Roughing (Double Minor) at 5:48
Goalie Stats
Matt Hackett (MJM), 26 saves from 31 shots - (0.839), W, 8-1-0, 60:00 minutes
Calvin Pickard (Rep), 14 saves from 17 shots - (0.824), L, 4-4-1, 34:04 minutes
Juuse Saros (Rep), 9 saves from 14 shots - (0.643), 25:56 minutes
Players Stats for Blackdemons
Player Name G A P +/- PIM S H SB GA TA FO MP PP MP PK MP
------------------------------------------------------------------------------------
Alexandre Grenier 1 0 1 2 2 2 1 0 0 0 0/0 15:26 0:00 0:00
Alexei Morozov 0 2 2 2 0 5 0 0 2 0 2/4 20:22 4:06 0:00
Blake Pietila 2 0 2 2 0 4 2 0 0 2 1/4 20:22 4:06 0:00
Brett Kulak 0 0 0 0 2 0 0 4 0 0 0/0 12:08 0:00 0:00
Charles-Olivier Roussel 0 0 0 1 0 0 0 0 0 0 0/0 5:33 0:00 0:44
Hudson Fasching 0 0 0 0 0 0 0 0 0 1 0/0 11:41 4:00 0:00
Jeffrey Foss 0 0 0 0 0 0 0 0 0 1 0/0 17:15 3:56 0:44
Keaton Ellerby 1 2 3 2 0 1 5 0 1 1 0/0 24:09 4:10 0:00
Kyle Rau 0 1 1 0 0 1 0 1 0 0 1/3 8:14 0:00 0:35
Ladislav Nagy 2 2 4 0 0 4 1 0 1 0 0/0 12:37 4:00 0:56
Martin Hanzal 0 1 1 2 0 5 2 1 1 1 9/27 20:05 4:00 0:00
Max Friberg 1 0 1 0 0 1 1 0 0 0 0/0 10:59 0:00 0:00
Nathan Paetsch 0 2 2 2 0 0 2 0 0 0 0/0 19:22 0:00 0:47
Patrice Cormier 0 1 1 2 0 3 2 0 0 0 6/18 20:18 4:06 0:56
Roman Josi 0 0 0 1 0 0 1 0 0 1 0/0 18:34 4:10 0:00
Scott Timmins 0 1 1 0 0 2 0 2 1 0 2/5 11:23 0:00 0:00
Sergei Plotnikov 1 1 2 2 0 2 2 1 0 1 0/0 16:02 0:00 0:35
Tommy Vannelli 0 0 0 1 0 0 0 0 0 0 0/0 4:49 0:00 0:00
Yannick Weber 0 1 1 1 0 1 1 0 1 1 0/0 18:09 3:56 0:47
Zachary Sanford 0 0 0 0 0 0 1 0 0 0 0/0 10:59 0:00 0:00
Players Stats for Mulligans
Player Name G A P +/- PIM S H SB GA TA FO MP PP MP PK MP
------------------------------------------------------------------------------------
Anton Lander 0 0 0 -1 0 3 4 2 1 0 4/8 16:38 0:00 2:28
Ben Hutton 0 2 2 -2 0 0 3 0 0 0 0/0 19:01 0:21 2:57
Cade Fairchild 0 0 0 2 0 0 1 0 0 1 0/0 11:35 0:00 0:00
Christoph Bertschy 0 1 1 -1 0 1 1 0 0 1 1/1 6:27 0:00 0:15
Cody Goloubef 0 0 0 -4 0 3 2 0 1 1 0/0 26:28 1:10 5:09
Dalton Thrower 0 0 0 0 0 0 0 0 0 0 0/0 2:56 0:00 0:00
Darren Dietz 0 0 0 2 0 0 0 1 0 1 0/0 11:35 0:00 0:00
Drayson Bowman 1 0 1 1 0 1 2 0 1 1 0/0 11:54 0:00 0:00
Eric Tangradi 1 1 2 -3 0 1 0 1 2 0 1/3 23:28 1:31 4:25
Jonathan Tremblay 0 0 0 -3 4 1 1 1 0 0 2/3 17:31 0:00 0:00
Joonas Donskoi 0 1 1 1 2 0 1 0 1 0 0/0 12:20 0:00 0:00
Logan Shaw 0 0 0 -1 2 0 2 1 0 0 0/0 14:10 0:00 0:00
Matt Beleskey 0 0 0 -1 0 3 1 0 1 0 1/3 14:10 0:00 0:00
Matt Donovan 0 0 0 -4 0 3 2 1 1 1 0/0 29:24 1:10 5:09
Maxime Macenauer 1 1 2 1 0 4 2 0 0 0 2/3 13:58 0:00 2:04
Michael Sdao 0 0 0 -2 0 4 1 1 0 1 0/0 19:01 0:21 2:57
Nick Bonino 1 1 2 -3 0 6 1 1 1 0 29/40 24:12 1:31 4:35
Reid Boucher 0 0 0 0 0 0 1 0 0 0 0/0 1:27 0:00 1:19
Sven Baertschi 1 0 1 -1 2 1 1 0 0 0 0/0 7:52 0:00 1:06
Valeri Nichushkin 0 1 1 -1 0 0 0 0 0 0 0/0 7:43 1:31 0:00
3 Stars
1 - Keaton Ellerby (MJM)
2 - Ladislav Nagy (MJM)
3 - Blake Pietila (MJM)
Power Play
Blackdemons - 1 on 5 Attempt(s) - 20.00%
Mulligans - 2 on 2 Attempt(s) - 100.00%
Penalty Kill
Blackdemons - 0 on 2 Attempt(s) - 0.00%
- Score 0 goal in Penalty Kill
Mulligans - 4 on 5 Attempt(s) - 80.00%
- Score 0 goal in Penalty Kill
Team Stat
Blackdemons - Hits : 21 - Faceoff Wins : 21 - Blocked Shots : 9 - Penalty Minutes : 4
Mulligans - Hits : 26 - Faceoff Wins : 40 - Blocked Shots : 9 - Penalty Minutes : 10
Official
Referees : Unknown
Linesman : Unknown
Game Notes
Calvin Pickard enters game at 5:56 of 2nd period
Finance
Level 1 -- Attendance: 1424 (71.20%) -- Ticket Income $35,600
Level 2 -- Attendance: 808 (80.80%) -- Ticket Income $9,696
Total Attendance: 2232 (74.40%)
Total Ticket Income: $45,296
Other Income: $2,265
Total Income: $47,561
Blackdemons
5 vs 5 Forward
Center Left Wing Right Wing Time % Phy DF OF
1 Martin Hanzal Blake Pietila Alexei Morozov 40 0 1 4
2 Patrice Cormier Sergei Plotnikov Alexandre Grenier 35 0 1 3
3 Scott Timmins Zachary Sanford Max Friberg 15 0 2 3
4 Kyle Rau Ladislav Nagy Hudson Fasching 10 0 1 4
5 vs 5 Defense
Defense Defense Time % Phy DF OF
1 Keaton Ellerby Nathan Paetsch 42 0 4 1
2 Roman Josi Yannick Weber 28 0 4 1
3 Jeffrey Foss Brett Kulak 24 0 5 0
4 Charles-Olivier Roussel Tommy Vannelli 6 0 5 0
PowerPlay Forward
Center Left Wing Right Wing Time % Phy DF OF
1 Patrice Cormier Blake Pietila Alexei Morozov 50 0 0 5
2 Martin Hanzal Ladislav Nagy Hudson Fasching 50 0 0 5
PowerPlay Defense
Defense Defense Time % Phy DF OF
1 Jeffrey Foss Yannick Weber 50 0 1 4
2 Keaton Ellerby Roman Josi 50 0 1 4
Penalty Kill 4 Players Forward
Center Wing Time % Phy DF OF
1 Patrice Cormier Ladislav Nagy 50 0 5 0
2 Kyle Rau Sergei Plotnikov 50 0 5 0
Penalty Kill 4 Players Defense
Defense Defense Time % Phy DF OF
1 Yannick Weber Nathan Paetsch 50 0 5 0
2 Charles-Olivier Roussel Jeffrey Foss 50 0 5 0
Penalty Kill - 3 Players Forward
Forward Time % Phy DF OF
1 Alexei Morozov 60 0 5 0
2 Martin Hanzal 40 0 5 0
Penalty Kill - 3 Players Defense
Defense Defense Time % Phy DF OF
1 Yannick Weber Roman Josi 60 0 5 0
2 Jeffrey Foss Charles-Olivier Roussel 40 0 5 0
4 vs 4 Forward
Center Wing Time % Phy DF OF
1 Alexei Morozov Martin Hanzal 50 1 2 2
2 Ladislav Nagy Patrice Cormier 50 1 2 2
4 vs 4 Defense
Defense Defense Time % Phy DF OF
1 Nathan Paetsch Keaton Ellerby 50 1 2 2
2 Yannick Weber Jeffrey Foss 50 1 2 2
Last Minutes Offensive
Center Left Wing Right Wing Defense Defense
Martin Hanzal Ladislav Nagy Alexei Morozov Nathan Paetsch Keaton Ellerby
Last Minutes Defensive
Center Left Wing Right Wing Defense Defense
Martin Hanzal Ladislav Nagy Alexei Morozov Nathan Paetsch Keaton Ellerby
Goaltenders
Starting : Matt Hackett
Backup : Laurent Brossoit
Extra Forwards
Normal : Max Friberg, Scott Timmins, Blake Pietila - PP : Max Friberg, Scott Timmins - PK : Blake Pietila
Extra Defensemen
Normal : Yannick Weber, Roman Josi, Jeffrey Foss - PP : Yannick Weber - PK : Roman Josi, Jeffrey Foss
Penalty Shots
Alexei Morozov, Martin Hanzal, Ladislav Nagy, Sergei Plotnikov, Zachary Sanford
Scratches
Colin Smith (Healthy), Mathew Dumba (Lower Body Injury), Klas Dahlbeck (Healthy), Remi Elie (Healthy), Jyrki Jokipakka (Healthy)
Mackenzie MacEachern (Healthy), Artturi Lehkonen (Healthy), Ben Maxwell (Healthy), Nicolas Deschamps (Healthy), Angelo Esposito (Healthy)
Jacob Lagacé (Healthy), James Livingstone (Healthy), Ebbe Siönäs (Healthy), Sami Aittokallio (Healthy), Jeremy Smith (Healthy)
Mulligans
5 vs 5 Forward
Center Left Wing Right Wing Time % Phy DF OF
1 Nick Bonino Eric Tangradi Jonathan Tremblay 40 0 2 3
2 Anton Lander Matt Beleskey Logan Shaw 30 0 2 3
3 Maxime Macenauer Drayson Bowman Joonas Donskoi 20 1 2 2
4 Christoph Bertschy Sven Baertschi Valeri Nichushkin 10 1 2 2
5 vs 5 Defense
Defense Defense Time % Phy DF OF
1 Matt Donovan Cody Goloubef 40 1 2 2
2 Michael Sdao Ben Hutton 30 1 2 2
3 Cade Fairchild Darren Dietz 20 1 2 2
4 Dalton Thrower Matt Donovan 10 1 2 2
PowerPlay Forward
Center Left Wing Right Wing Time % Phy DF OF
1 Nick Bonino Eric Tangradi Valeri Nichushkin 60 0 1 4
2 Anton Lander Matt Beleskey Logan Shaw 40 0 1 4
PowerPlay Defense
Defense Defense Time % Phy DF OF
1 Matt Donovan Cody Goloubef 60 0 2 3
2 Michael Sdao Ben Hutton 40 0 2 3
Penalty Kill 4 Players Forward
Center Wing Time % Phy DF OF
1 Nick Bonino Eric Tangradi 60 1 2 2
2 Anton Lander Maxime Macenauer 40 1 2 2
Penalty Kill 4 Players Defense
Defense Defense Time % Phy DF OF
1 Matt Donovan Cody Goloubef 60 1 3 1
2 Michael Sdao Ben Hutton 40 1 3 1
Penalty Kill - 3 Players Forward
Forward Time % Phy DF OF
1 Nick Bonino 60 1 2 2
2 Eric Tangradi 40 1 2 2
Penalty Kill - 3 Players Defense
Defense Defense Time % Phy DF OF
1 Matt Donovan Cody Goloubef 60 1 3 1
2 Michael Sdao Ben Hutton 40 1 3 1
4 vs 4 Forward
Center Wing Time % Phy DF OF
1 Nick Bonino Eric Tangradi 60 1 2 2
2 Anton Lander Maxime Macenauer 40 1 2 2
4 vs 4 Defense
Defense Defense Time % Phy DF OF
1 Matt Donovan Cody Goloubef 60 1 2 2
2 Michael Sdao Ben Hutton 40 1 2 2
Last Minutes Offensive
Center Left Wing Right Wing Defense Defense
Nick Bonino Eric Tangradi Jonathan Tremblay Matt Donovan Cody Goloubef
Last Minutes Defensive
Center Left Wing Right Wing Defense Defense
Nick Bonino Eric Tangradi Jonathan Tremblay Matt Donovan Cody Goloubef
Goaltenders
Starting : Juuse Saros
Backup : Calvin Pickard
Extra Forwards
Normal : Reid Boucher, Valeri Nichushkin, Sven Baertschi - PP : Reid Boucher, Drayson Bowman - PK : Sven Baertschi
Extra Defensemen
Normal : Cade Fairchild, Darren Dietz, Dalton Thrower - PP : Cade Fairchild - PK : Darren Dietz, Dalton Thrower
Penalty Shots
Nick Bonino, Eric Tangradi, Anton Lander, Maxime Macenauer, Valeri Nichushkin
Scratches
Nick Moutrey (Healthy), John Hayden (Healthy), Jonny Brodzinski (Healthy), Marek Langhamer (Healthy)
% Time on Ice - Blackdemons
Lines # - Real PCT - Wanted PCT - Time Play
Normal Forward
1 - 32% - 40% - 16:16
2 - 31% - 35% - 15:29
3 - 22% - 15% - 10:59
4 - 15% - 10% - 7:39
Normal Defense
1 - 38% - 42% - 19:01
2 - 29% - 28% - 14:24
3 - 24% - 24% - 12:09
4 - 10% - 6% - 4:49
PP Forward
1 - 51% - 50% - 4:06
2 - 49% - 50% - 4:00
PP Defense
1 - 49% - 50% - 3:56
2 - 51% - 50% - 4:10
PK Forward
1 - 62% - 50% - 0:56
2 - 38% - 50% - 0:35
PK Defense
1 - 52% - 50% - 0:47
2 - 48% - 50% - 0:44
PK3 Forward
1 - 0% - 60%
2 - 0% - 40%
PK3 Defense
1 - 0% - 60%
2 - 0% - 40%
44 Forward
1 - 0% - 50%
2 - 0% - 50%
44 Defense
1 - 0% - 50%
2 - 0% - 50%
Last Minute Offensive - 0:00
Last Minute Defensive - 0:00
Total
Forward - 60:00
Defense - 60:00
|
% Time on Ice - Mulligans
Lines # - Real PCT - Wanted PCT - Time Play
Normal Forward
1 - 36% - 40% - 18:07
2 - 28% - 30% - 14:10
3 - 24% - 20% - 11:54
4 - 12% - 10% - 6:12
Normal Defense
1 - 40% - 40% - 20:09
2 - 31% - 30% - 15:43
3 - 23% - 20% - 11:35
4 - 6% - 10% - 2:56
PP Forward
1 - 100% - 60% - 1:31
2 - 0% - 40% - 0:00
PP Defense
1 - 77% - 60% - 1:10
2 - 23% - 40% - 0:21
PK Forward
1 - 74% - 60% - 6:02
2 - 26% - 40% - 2:04
PK Defense
1 - 64% - 60% - 5:09
2 - 36% - 40% - 2:57
PK3 Forward
1 - 0% - 60%
2 - 0% - 40%
PK3 Defense
1 - 0% - 60%
2 - 0% - 40%
44 Forward
1 - 0% - 60%
2 - 0% - 40%
44 Defense
1 - 0% - 60%
2 - 0% - 40%
Last Minute Offensive - 0:00
Last Minute Defensive - 0:00
Total
Forward - 60:00
Defense - 60:00
|
Play by Play
1st period
0:01 of 1st period - Jonathan Tremblay wins face-off versus Martin Hanzal in neutral zone.
1:13 of 1st period - Kyle Rau is hit by Christoph Bertschy.
1:45 of 1st period - Snap shot by Alexei Morozov.
1:45 of 1st period - Deflect By Sergei Plotnikov.
1:45 of 1st period - Shot Misses the Net.
1:45 of 1st period - Puck is out of play.
1:46 of 1st period - Patrice Cormier wins face-off versus Matt Beleskey in Mulligans zone.
2:17 of 1st period - Slapshot by Martin Hanzal.
2:17 of 1st period - Deflect By Blake Pietila.
2:17 of 1st period - Shot Misses the Net.
2:17 of 1st period - Puck is out of play.
2:18 of 1st period - Maxime Macenauer wins face-off versus Martin Hanzal in Mulligans zone.
2:23 of 1st period - Snap shot by Martin Hanzal.
2:23 of 1st period - Stopped by Juuse Saros without a rebound.
2:24 of 1st period - Maxime Macenauer wins face-off versus Alexei Morozov in Mulligans zone.
2:58 of 1st period - Snap shot by Sergei Plotnikov.
2:58 of 1st period - Stopped by Juuse Saros with a rebound.
3:00 of 1st period - Slapshot by Brett Kulak.
3:00 of 1st period - Shot Misses the Net.
3:12 of 1st period - Yannick Weber is hit by Cade Fairchild and loses puck.
4:32 of 1st period - Ben Hutton is hit by Keaton Ellerby and loses puck.
5:19 of 1st period - Snap shot by Maxime Macenauer.
5:19 of 1st period - Stopped by Matt Hackett without a rebound.
5:20 of 1st period - Patrice Cormier wins face-off versus Nick Bonino in Blackdemons zone.
5:25 of 1st period - Nick Bonino is hit by Alexandre Grenier and loses puck.
6:32 of 1st period - Off-side.
6:33 of 1st period - Nick Bonino wins face-off versus Patrice Cormier in neutral zone.
6:40 of 1st period - Wrist shot by Eric Tangradi.
6:40 of 1st period - Shot Misses the Net.
6:48 of 1st period - Wrist shot by Sergei Plotnikov.
6:48 of 1st period - Shot Blocked by Jonathan Tremblay.
7:05 of 1st period - Wrist shot by Martin Hanzal.
7:05 of 1st period - Shot Misses the Net.
7:07 of 1st period - Slapshot by Martin Hanzal.
7:07 of 1st period - Stopped by Juuse Saros without a rebound.
7:08 of 1st period - Patrice Cormier wins face-off versus Matt Beleskey in Mulligans zone.
7:41 of 1st period - Snap shot by Zachary Sanford.
7:41 of 1st period - Shot Misses the Net.
7:55 of 1st period - Blake Pietila is hit by Michael Sdao and loses puck.
8:25 of 1st period - Slapshot by Matt Donovan.
8:25 of 1st period - Stopped by Matt Hackett without a rebound.
8:26 of 1st period - Nick Bonino wins face-off versus Patrice Cormier in Blackdemons zone.
9:21 of 1st period - Wrist shot by Sven Baertschi.
9:21 of 1st period - Shot Misses the Net.
9:41 of 1st period - Jonathan Tremblay is hit by Max Friberg and loses puck.
10:23 of 1st period - Snap shot by Ladislav Nagy.
10:23 of 1st period - Stopped by Juuse Saros with a rebound.
10:45 of 1st period - Wrist shot by Max Friberg.
10:45 of 1st period - Shot Misses the Net.
10:47 of 1st period - Snap shot by Max Friberg.
10:47 of 1st period - Goal by Max Friberg - Blackdemons : 1 - Mulligans : 0.
10:48 of 1st period - Nick Bonino wins face-off versus Blake Pietila in neutral zone.
11:13 of 1st period - Sergei Plotnikov is hit by Anton Lander and loses puck.
11:22 of 1st period - Wrist shot by Anton Lander.
11:22 of 1st period - Deflect By Matt Beleskey.
11:22 of 1st period - Shot Misses the Net.
11:22 of 1st period - Puck is out of play.
11:23 of 1st period - Martin Hanzal wins face-off versus Anton Lander in Blackdemons zone.
11:37 of 1st period - Wrist shot by Matt Beleskey.
11:37 of 1st period - Stopped by Matt Hackett with a rebound.
12:15 of 1st period - Scott Timmins is hit by Drayson Bowman and loses puck.
12:22 of 1st period - Slapshot by Yannick Weber.
12:22 of 1st period - Shot Misses the Net.
12:38 of 1st period - Snap shot by Ladislav Nagy.
12:38 of 1st period - Shot Misses the Net.
12:40 of 1st period - Snap shot by Ladislav Nagy.
12:40 of 1st period - Stopped by Juuse Saros with a rebound.
12:42 of 1st period - Wrist shot by Ladislav Nagy.
12:42 of 1st period - Goal by Ladislav Nagy - Blackdemons : 2 - Mulligans : 0.
12:43 of 1st period - Nick Bonino wins face-off versus Martin Hanzal in neutral zone.
12:45 of 1st period - Off-side.
12:46 of 1st period - Nick Bonino wins face-off versus Martin Hanzal in neutral zone.
12:55 of 1st period - Snap shot by Alexei Morozov.
12:55 of 1st period - Shot Misses the Net.
12:58 of 1st period - Icing by Jonathan Tremblay.
12:59 of 1st period - Blake Pietila wins face-off versus Nick Bonino in Mulligans zone.
13:52 of 1st period - Snap shot by Drayson Bowman.
13:52 of 1st period - Shot Misses the Net.
14:11 of 1st period - Minor Penalty to Sven Baertschi for Hooking.
14:12 of 1st period - Patrice Cormier wins face-off versus Nick Bonino in Mulligans zone.
14:12 of 1st period - Wrist shot by Alexei Morozov.
14:12 of 1st period - Stopped by Juuse Saros with a rebound.
14:14 of 1st period - Wrist shot by Patrice Cormier.
14:14 of 1st period - Stopped by Juuse Saros without a rebound.
14:15 of 1st period - Nick Bonino wins face-off versus Patrice Cormier in Mulligans zone.
14:26 of 1st period - Slapshot by Cody Goloubef.
14:26 of 1st period - Stopped by Matt Hackett with a rebound.
15:14 of 1st period - Eric Tangradi is hit by Keaton Ellerby.
15:18 of 1st period - Cody Goloubef is hit by Blake Pietila and loses puck.
16:04 of 1st period - Hudson Fasching is hit by Reid Boucher and loses puck.
16:11 of 1st period - Penalty to Sven Baertschi is over, Sven Baertschi is back on ice.
16:23 of 1st period - Drayson Bowman is hit by Keaton Ellerby and loses puck.
18:11 of 1st period - Anton Lander is hit by Patrice Cormier and loses puck.
18:19 of 1st period - Icing by Logan Shaw.
18:20 of 1st period - Jonathan Tremblay wins face-off versus Scott Timmins in Mulligans zone.
18:34 of 1st period - Slapshot by Matt Donovan.
18:34 of 1st period - Stopped by Matt Hackett without a rebound.
18:35 of 1st period - Anton Lander wins face-off versus Martin Hanzal in Blackdemons zone.
18:38 of 1st period - Wrist shot by Matt Beleskey.
18:38 of 1st period - Stopped by Matt Hackett with a rebound.
19:00 of 1st period - Slapshot by Patrice Cormier.
19:00 of 1st period - Deflect By Sergei Plotnikov.
19:00 of 1st period - Goal by Sergei Plotnikov - Blackdemons : 3 - Mulligans : 0.
19:01 of 1st period - Martin Hanzal wins face-off versus Nick Bonino in neutral zone.
19:36 of 1st period - Slapshot by Yannick Weber.
19:36 of 1st period - Stopped by Juuse Saros with a rebound.
19:54 of 1st period - Roman Josi is hit by Ben Hutton and loses puck.
19:59 of 1st period - Snap shot by Maxime Macenauer.
19:59 of 1st period - Goal by Maxime Macenauer - Blackdemons : 3 - Mulligans : 1.
Goals for this period are 3 for Blackdemons vs 1 for Mulligans.
Shots for this period are 11 for Blackdemons vs 7 for Mulligans.
2nd period
0:01 of 2nd period - Nick Bonino wins face-off versus Martin Hanzal in neutral zone.
0:47 of 2nd period - Wrist shot by Kyle Rau.
0:47 of 2nd period - Stopped by Juuse Saros with a rebound.
1:05 of 2nd period - Off-side.
1:06 of 2nd period - Christoph Bertschy wins face-off versus Scott Timmins in neutral zone.
1:11 of 2nd period - Wrist shot by Sven Baertschi.
1:11 of 2nd period - Goal by Sven Baertschi - Blackdemons : 3 - Mulligans : 2.
1:12 of 2nd period - Nick Bonino wins face-off versus Blake Pietila in neutral zone.
1:17 of 2nd period - Slapshot by Cody Goloubef.
1:17 of 2nd period - Stopped by Matt Hackett with a rebound.
1:19 of 2nd period - Minor Penalty to Brett Kulak for Tripping.
1:20 of 2nd period - Nick Bonino wins face-off versus Patrice Cormier in Blackdemons zone.
1:23 of 2nd period - Backhand shot by Nick Bonino.
1:23 of 2nd period - Stopped by Matt Hackett with a rebound.
1:33 of 2nd period - Slapshot by Nick Bonino.
1:33 of 2nd period - Shot Misses the Net.
1:35 of 2nd period - Slapshot by Cody Goloubef.
1:35 of 2nd period - Deflect By Nick Bonino.
1:35 of 2nd period - Shot Misses the Net.
1:35 of 2nd period - Puck is out of play.
1:36 of 2nd period - Kyle Rau wins face-off versus Nick Bonino in Blackdemons zone.
2:26 of 2nd period - Slapshot by Eric Tangradi.
2:26 of 2nd period - Goal by Eric Tangradi - Blackdemons : 3 - Mulligans : 3.
2:27 of 2nd period - Matt Beleskey wins face-off versus Martin Hanzal in neutral zone.
2:54 of 2nd period - Maxime Macenauer is hit by Sergei Plotnikov and loses puck.
3:41 of 2nd period - Snap shot by Nathan Paetsch.
3:41 of 2nd period - Shot Blocked by Eric Tangradi.
3:43 of 2nd period - Slapshot by Keaton Ellerby.
3:43 of 2nd period - Shot Misses the Net.
3:45 of 2nd period - Slapshot by Nathan Paetsch.
3:45 of 2nd period - Deflect By Ladislav Nagy.
3:45 of 2nd period - Goal by Ladislav Nagy - Blackdemons : 4 - Mulligans : 3.
3:46 of 2nd period - Nick Bonino wins face-off versus Martin Hanzal in neutral zone.
4:11 of 2nd period - Roman Josi is hit by Logan Shaw and loses puck.
4:53 of 2nd period - Slapshot by Maxime Macenauer.
4:53 of 2nd period - Shot Misses the Net.
5:34 of 2nd period - Keaton Ellerby is hit by Anton Lander and loses puck.
5:51 of 2nd period - Cody Goloubef is hit by Martin Hanzal and loses puck.
5:56 of 2nd period - Snap shot by Blake Pietila.
5:56 of 2nd period - Goal by Blake Pietila - Blackdemons : 5 - Mulligans : 3.
5:56 of 2nd period - Calvin Pickard enters game.
5:57 of 2nd period - Nick Bonino wins face-off versus Martin Hanzal in neutral zone.
6:10 of 2nd period - Snap shot by Alexei Morozov.
6:10 of 2nd period - Stopped by Calvin Pickard with a rebound.
6:12 of 2nd period - Wrist shot by Blake Pietila.
6:12 of 2nd period - Stopped by Calvin Pickard with a rebound.
6:29 of 2nd period - Snap shot by Matt Beleskey.
6:29 of 2nd period - Stopped by Matt Hackett without a rebound.
6:30 of 2nd period - Martin Hanzal wins face-off versus Anton Lander in Blackdemons zone.
6:41 of 2nd period - Michael Sdao is hit by Martin Hanzal and loses puck.
6:56 of 2nd period - Eric Tangradi is hit by Patrice Cormier.
7:02 of 2nd period - Patrice Cormier is hit by Ben Hutton and loses puck.
7:51 of 2nd period - Slapshot by Maxime Macenauer.
7:51 of 2nd period - Stopped by Matt Hackett without a rebound.
7:52 of 2nd period - Alexei Morozov wins face-off versus Eric Tangradi in Blackdemons zone.
8:02 of 2nd period - Slapshot by Cody Goloubef.
8:02 of 2nd period - Stopped by Matt Hackett with a rebound.
8:04 of 2nd period - Snap shot by Nick Bonino.
8:04 of 2nd period - Shot Misses the Net.
8:06 of 2nd period - Snap shot by Jonathan Tremblay.
8:06 of 2nd period - Stopped by Matt Hackett without a rebound.
8:07 of 2nd period - Anton Lander wins face-off versus Patrice Cormier in Blackdemons zone.
8:18 of 2nd period - Logan Shaw is hit by Keaton Ellerby and loses puck.
9:08 of 2nd period - Michael Sdao is hit by Zachary Sanford and loses puck.
9:21 of 2nd period - Ladislav Nagy is hit by Ben Hutton and loses puck.
9:28 of 2nd period - Snap shot by Drayson Bowman.
9:28 of 2nd period - Shot Blocked by Kyle Rau.
9:30 of 2nd period - Wrist shot by Joonas Donskoi.
9:30 of 2nd period - Shot Misses the Net.
9:32 of 2nd period - Snap shot by Drayson Bowman.
9:32 of 2nd period - Shot Misses the Net.
9:54 of 2nd period - Slapshot by Alexandre Grenier.
9:54 of 2nd period - Stopped by Calvin Pickard without a rebound.
9:55 of 2nd period - Nick Bonino wins face-off versus Martin Hanzal in Mulligans zone.
10:01 of 2nd period - Yannick Weber is hit by Jonathan Tremblay and loses puck.
10:21 of 2nd period - Minor Penalty to Logan Shaw for Interference.
10:22 of 2nd period - Nick Bonino wins face-off versus Martin Hanzal in Mulligans zone.
11:25 of 2nd period - Michael Sdao is hit by Yannick Weber and loses puck.
12:21 of 2nd period - Penalty to Logan Shaw is over, Logan Shaw is back on ice.
12:29 of 2nd period - Wrist shot by Maxime Macenauer.
12:29 of 2nd period - Shot Blocked by Scott Timmins.
12:45 of 2nd period - Scott Timmins is hit by Anton Lander and loses puck.
12:57 of 2nd period - Snap shot by Scott Timmins.
12:57 of 2nd period - Deflect By Darren Dietz.
12:57 of 2nd period - Shot Blocked by Logan Shaw.
12:57 of 2nd period - Puck is out of play.
12:58 of 2nd period - Eric Tangradi wins face-off versus Patrice Cormier in Mulligans zone.
13:32 of 2nd period - Minor Penalty to Joonas Donskoi for Hooking.
13:33 of 2nd period - Nick Bonino wins face-off versus Martin Hanzal in Mulligans zone.
13:43 of 2nd period - Matt Donovan is hit by Ladislav Nagy and loses puck.
14:04 of 2nd period - Slapshot by Jeffrey Foss.
14:04 of 2nd period - Shot Blocked by Anton Lander.
14:06 of 2nd period - Slapshot by Jeffrey Foss.
14:06 of 2nd period - Shot Blocked by Anton Lander.
14:08 of 2nd period - Slapshot by Yannick Weber.
14:08 of 2nd period - Deflect By Alexei Morozov.
14:08 of 2nd period - Shot Blocked by Matt Donovan.
14:08 of 2nd period - Puck is out of play.
14:09 of 2nd period - Patrice Cormier wins face-off versus Nick Bonino in Mulligans zone.
14:16 of 2nd period - Snap shot by Patrice Cormier.
14:16 of 2nd period - Stopped by Calvin Pickard without a rebound.
14:17 of 2nd period - Nick Bonino wins face-off versus Martin Hanzal in Mulligans zone.
14:42 of 2nd period - Ben Hutton is hit by Blake Pietila and loses puck.
15:32 of 2nd period - Penalty to Joonas Donskoi is over, Joonas Donskoi is back on ice.
15:51 of 2nd period - Nick Bonino is hit by Roman Josi and loses puck.
16:08 of 2nd period - Slapshot by Matt Donovan.
16:08 of 2nd period - Stopped by Matt Hackett without a rebound.
16:09 of 2nd period - Anton Lander wins face-off versus Kyle Rau in Blackdemons zone.
16:12 of 2nd period - Snap shot by Logan Shaw.
16:12 of 2nd period - Shot Misses the Net.
16:43 of 2nd period - Blake Pietila is hit by Maxime Macenauer and loses puck.
16:54 of 2nd period - Snap shot by Sven Baertschi.
16:54 of 2nd period - Shot Misses the Net.
16:56 of 2nd period - Snap shot by Sven Baertschi.
16:56 of 2nd period - Shot Blocked by Brett Kulak.
16:58 of 2nd period - Slapshot by Sven Baertschi.
16:58 of 2nd period - Shot Blocked by Brett Kulak.
17:00 of 2nd period - Wrist shot by Christoph Bertschy.
17:00 of 2nd period - Shot Blocked by Brett Kulak.
17:02 of 2nd period - Slapshot by Michael Sdao.
17:02 of 2nd period - Stopped by Matt Hackett with a rebound.
17:04 of 2nd period - Slapshot by Michael Sdao.
17:04 of 2nd period - Deflect By Christoph Bertschy.
17:04 of 2nd period - Stopped by Matt Hackett without a rebound.
17:05 of 2nd period - Anton Lander wins face-off versus Patrice Cormier in Blackdemons zone.
17:16 of 2nd period - Snap shot by Anton Lander.
17:16 of 2nd period - Shot Misses the Net.
17:40 of 2nd period - Wrist shot by Scott Timmins.
17:40 of 2nd period - Stopped by Calvin Pickard with a rebound.
17:52 of 2nd period - Hudson Fasching is hit by Maxime Macenauer and loses puck.
18:01 of 2nd period - Slapshot by Maxime Macenauer.
18:01 of 2nd period - Stopped by Matt Hackett with a rebound.
18:13 of 2nd period - Slapshot by Matt Beleskey.
18:13 of 2nd period - Shot Misses the Net.
18:15 of 2nd period - Slapshot by Michael Sdao.
18:15 of 2nd period - Deflect By Martin Hanzal.
18:15 of 2nd period - Stopped by Matt Hackett with a rebound.
18:17 of 2nd period - Snap shot by Michael Sdao.
18:17 of 2nd period - Stopped by Matt Hackett with a rebound.
18:19 of 2nd period - Slapshot by Michael Sdao.
18:19 of 2nd period - Stopped by Matt Hackett with a rebound.
18:21 of 2nd period - Snap shot by Anton Lander.
18:21 of 2nd period - Stopped by Matt Hackett with a rebound.
18:56 of 2nd period - Snap shot by Zachary Sanford.
18:56 of 2nd period - Shot Blocked by Darren Dietz.
19:10 of 2nd period - Scott Timmins is hit by Matt Beleskey and loses puck.
19:19 of 2nd period - Slapshot by Anton Lander.
19:19 of 2nd period - Stopped by Matt Hackett with a rebound.
19:29 of 2nd period - Max Friberg is hit by Nick Bonino and loses puck.
Goals for this period are 2 for Blackdemons vs 2 for Mulligans.
Shots for this period are 8 for Blackdemons vs 17 for Mulligans.
3rd period
0:01 of 3rd period - Nick Bonino wins face-off versus Alexei Morozov in neutral zone.
0:12 of 3rd period - Snap shot by Eric Tangradi.
0:12 of 3rd period - Shot Misses the Net.
0:14 of 3rd period - Slapshot by Matt Donovan.
0:14 of 3rd period - Shot Blocked by Martin Hanzal.
0:16 of 3rd period - Slapshot by Matt Donovan.
0:16 of 3rd period - Deflect By Nick Bonino.
0:16 of 3rd period - Deflect By Nathan Paetsch.
0:16 of 3rd period - Stopped by Matt Hackett without a rebound.
0:17 of 3rd period - Patrice Cormier wins face-off versus Anton Lander in Blackdemons zone.
0:17 of 3rd period - Patrice Cormier is hit by Logan Shaw.
0:27 of 3rd period - Snap shot by Alexandre Grenier.
0:27 of 3rd period - Goal by Alexandre Grenier - Blackdemons : 6 - Mulligans : 3.
0:28 of 3rd period - Nick Bonino wins face-off versus Martin Hanzal in neutral zone.
1:09 of 3rd period - Minor Penalty to Alexandre Grenier for High sticking.
1:10 of 3rd period - Nick Bonino wins face-off versus Kyle Rau in Blackdemons zone.
1:25 of 3rd period - Wrist shot by Nick Bonino.
1:25 of 3rd period - Stopped by Matt Hackett without a rebound.
1:26 of 3rd period - Nick Bonino wins face-off versus Patrice Cormier in Blackdemons zone.
1:33 of 3rd period - Wrist shot by Nick Bonino.
1:33 of 3rd period - Goal by Nick Bonino - Blackdemons : 6 - Mulligans : 4.
1:34 of 3rd period - Nick Bonino wins face-off versus Martin Hanzal in neutral zone.
2:01 of 3rd period - Matt Beleskey is hit by Nathan Paetsch.
2:29 of 3rd period - Slapshot by Drayson Bowman.
2:29 of 3rd period - Goal by Drayson Bowman - Blackdemons : 6 - Mulligans : 5.
2:30 of 3rd period - Nick Bonino wins face-off versus Martin Hanzal in neutral zone.
3:27 of 3rd period - Slapshot by Scott Timmins.
3:27 of 3rd period - Stopped by Calvin Pickard without a rebound.
3:28 of 3rd period - Nick Bonino wins face-off versus Martin Hanzal in Mulligans zone.
4:01 of 3rd period - Nathan Paetsch is hit by Anton Lander and loses puck.
4:19 of 3rd period - Nathan Paetsch is hit by Cody Goloubef and loses puck.
4:40 of 3rd period - Hudson Fasching is hit by Cody Goloubef.
5:00 of 3rd period - Icing by Matt Donovan.
5:01 of 3rd period - Martin Hanzal wins face-off versus Nick Bonino in Mulligans zone.
5:04 of 3rd period - Backhand shot by Blake Pietila.
5:04 of 3rd period - Shot Misses the Net.
5:06 of 3rd period - Snap shot by Blake Pietila.
5:06 of 3rd period - Stopped by Calvin Pickard without a rebound.
5:07 of 3rd period - Nick Bonino wins face-off versus Blake Pietila in Mulligans zone.
5:22 of 3rd period - Snap shot by Martin Hanzal.
5:22 of 3rd period - Stopped by Calvin Pickard with a rebound.
5:24 of 3rd period - Wrist shot by Martin Hanzal.
5:24 of 3rd period - Shot Blocked by Michael Sdao.
5:26 of 3rd period - Snap shot by Blake Pietila.
5:26 of 3rd period - Goal by Blake Pietila - Blackdemons : 7 - Mulligans : 5.
5:27 of 3rd period - Martin Hanzal wins face-off versus Nick Bonino in neutral zone.
5:48 of 3rd period - Double Minor Penalty to Jonathan Tremblay for Roughing.
5:49 of 3rd period - Nick Bonino wins face-off versus Martin Hanzal in Mulligans zone.
5:58 of 3rd period - Slapshot by Keaton Ellerby.
5:58 of 3rd period - Goal by Keaton Ellerby - Blackdemons : 8 - Mulligans : 5.
5:59 of 3rd period - Nick Bonino wins face-off versus Patrice Cormier in neutral zone.
6:04 of 3rd period - Roman Josi is hit by Matt Donovan.
6:10 of 3rd period - Snap shot by Alexei Morozov.
6:10 of 3rd period - Stopped by Calvin Pickard without a rebound.
6:11 of 3rd period - Martin Hanzal wins face-off versus Nick Bonino in Mulligans zone.
6:21 of 3rd period - Wrist shot by Martin Hanzal.
6:21 of 3rd period - Shot Blocked by Nick Bonino.
7:58 of 3rd period - Penalty to Jonathan Tremblay is over, Jonathan Tremblay is back on ice.
8:38 of 3rd period - Charles-Olivier Roussel is hit by Sven Baertschi and loses puck.
8:53 of 3rd period - Snap shot by Eric Tangradi.
8:53 of 3rd period - Shot Misses the Net.
8:55 of 3rd period - Wrist shot by Jonathan Tremblay.
8:55 of 3rd period - Shot Blocked by Brett Kulak.
8:57 of 3rd period - Slapshot by Nick Bonino.
8:57 of 3rd period - Deflect By Max Friberg.
8:57 of 3rd period - Stopped by Matt Hackett with a rebound.
9:07 of 3rd period - Snap shot by Maxime Macenauer.
9:07 of 3rd period - Shot Blocked by Sergei Plotnikov.
10:13 of 3rd period - Cody Goloubef is hit by Nathan Paetsch and loses puck.
11:04 of 3rd period - Yannick Weber is hit by Matt Donovan.
11:43 of 3rd period - Brett Kulak is hit by Drayson Bowman and loses puck.
12:04 of 3rd period - Wrist shot by Max Friberg.
12:04 of 3rd period - Deflect By Matt Donovan.
12:04 of 3rd period - Shot Misses the Net.
12:04 of 3rd period - Puck is out of play.
12:05 of 3rd period - Nick Bonino wins face-off versus Scott Timmins in Mulligans zone.
14:01 of 3rd period - Off-side.
14:02 of 3rd period - Martin Hanzal wins face-off versus Jonathan Tremblay in neutral zone.
14:15 of 3rd period - Wrist shot by Alexei Morozov.
14:15 of 3rd period - Stopped by Calvin Pickard with a rebound.
14:27 of 3rd period - Logan Shaw is hit by Keaton Ellerby and loses puck.
14:32 of 3rd period - Snap shot by Patrice Cormier.
14:32 of 3rd period - Stopped by Calvin Pickard without a rebound.
14:33 of 3rd period - Nick Bonino wins face-off versus Patrice Cormier in Mulligans zone.
15:18 of 3rd period - Off-side.
15:19 of 3rd period - Scott Timmins wins face-off versus Maxime Macenauer in neutral zone.
15:22 of 3rd period - Slapshot by Nathan Paetsch.
15:22 of 3rd period - Shot Misses the Net.
15:52 of 3rd period - Slapshot by Nathan Paetsch.
15:52 of 3rd period - Deflect By Martin Hanzal.
15:52 of 3rd period - Stopped by Calvin Pickard without a rebound.
15:53 of 3rd period - Alexei Morozov wins face-off versus Anton Lander in Mulligans zone.
16:02 of 3rd period - Wrist shot by Martin Hanzal.
16:02 of 3rd period - Stopped by Calvin Pickard with a rebound.
16:18 of 3rd period - Matt Donovan is hit by Sergei Plotnikov and loses puck.
16:45 of 3rd period - Hudson Fasching is hit by Joonas Donskoi and loses puck.
17:00 of 3rd period - Snap shot by Logan Shaw.
17:00 of 3rd period - Shot Blocked by Scott Timmins.
17:05 of 3rd period - Icing by Scott Timmins.
17:06 of 3rd period - Scott Timmins wins face-off versus Eric Tangradi in Blackdemons zone.
17:11 of 3rd period - Slapshot by Max Friberg.
17:11 of 3rd period - Shot Misses the Net.
17:21 of 3rd period - Snap shot by Eric Tangradi.
17:21 of 3rd period - Shot Misses the Net.
17:38 of 3rd period - Off-side.
17:39 of 3rd period - Martin Hanzal wins face-off versus Nick Bonino in neutral zone.
17:41 of 3rd period - Off-side.
17:42 of 3rd period - Martin Hanzal wins face-off versus Nick Bonino in neutral zone.
17:49 of 3rd period - Snap shot by Alexei Morozov.
17:49 of 3rd period - Stopped by Calvin Pickard with a rebound.
18:15 of 3rd period - Snap shot by Anton Lander.
18:15 of 3rd period - Stopped by Matt Hackett without a rebound.
18:16 of 3rd period - Nick Bonino wins face-off versus Patrice Cormier in Blackdemons zone.
18:24 of 3rd period - Icing by Jeffrey Foss.
18:25 of 3rd period - Nick Bonino wins face-off versus Patrice Cormier in Blackdemons zone.
18:34 of 3rd period - Slapshot by Jeffrey Foss.
18:34 of 3rd period - Shot Misses the Net.
18:50 of 3rd period - Snap shot by Eric Tangradi.
18:50 of 3rd period - Shot Misses the Net.
18:52 of 3rd period - Backhand shot by Nick Bonino.
18:52 of 3rd period - Stopped by Matt Hackett with a rebound.
Goals for this period are 3 for Blackdemons vs 2 for Mulligans.
Shots for this period are 12 for Blackdemons vs 7 for Mulligans.
Back to the Top